 Dungeon Crawl Stone Soup version 0.25.1-2-g60ff931df9 (webtiles) character file.

Game seed: 7575423585736679075

39 Peloso the Covered (level 3, 0/33 HPs)
             Began as a Minotaur Fighter on July 31, 2020.
             Killed from afar by Sigmund (2 damage)
             ... with a magic dart
             ... on level 2 of the Dungeon.
             The game lasted 00:01:49 (995 turns).

Peloso the Covered (Minotaur Fighter)                Turns: 995, Time: 00:01:50

Health: 0/33       AC:  7    Str: 20    XL:     3   Next: 28%
Magic:  2/2        EV:  7    Int:  5    God:
Gold:   23         SH:  0    Dex: 10    Spells: 2/2 levels left

rFire    . . .     SeeInvis .   a - +0 long sword
rCold    . . .     Gourm    .   c - +0 kite shield
rNeg     . . .     Faith    .   b - +0 scale mail
rPois    .         Spirit   .   (helmet restricted)
rElec    .         Reflect  .   (no cloak)
rCorr    .         Harm     .   (no gloves)
MR       .....                  (no boots)
Stlth    ..........             (no amulet)
HPRegen  0.11/turn              (no ring)
MPRegen  0.08/turn              (no ring)

@: confused, mighty
A: retaliatory headbutt, horns 2
a: no special abilities


You were on level 2 of the Dungeon.
You were not hungry.

You visited 1 branch of the dungeon, and saw 2 of its levels.

You collected 23 gold pieces.

Inventory:

Hand Weapons
 a - a +0 long sword (weapon)
Armour
 b - a +0 scale mail (worn)
 c - a +0 kite shield (worn)
Wands
 j - a wand of flame (14)
Scrolls
 e - a scroll of random uselessness {unknown}
 h - a scroll of identify {unknown}
 i - a scroll of enchant weapon {unknown}
Comestibles
 f - a ration
 g - 5 chunks of flesh


   Skills:
 + Level 4.1 Fighting
 + Level 3.1 Long Blades
 + Level 4.2 Armour
 + Level 0.2 Dodging
 + Level 3.9 Shields


You had 2 spell levels left.
You didn't know any spells.
Your spell library was empty.

Dungeon Overview and Level Annotations

Branches:
Dungeon (2/15)

Altars:

Annotations:
D:2 Sigmund


Innate Abilities, Weirdness & Mutations

You reflexively headbutt those who attack you in melee.
You have a pair of horns on your head.


Message History

The magic dart hits you.
A magic dart appears from out of thin air!
The magic dart hits you.
You bump into the rock wall.
The rat bites you but does no damage. Something hits you!
* * * LOW HITPOINT WARNING * * *
You bump into the rock wall.
The rat closely misses you. Something hits you but does no damage.
The rat bites you but does no damage. The rat bites you.
* * * LOW HITPOINT WARNING * * *
Something hits you but does no damage. The rat barely misses you.
Something hits you but does no damage.
You completely miss something. Your headbutt misses something.
The rat barely misses you. The rat bites you but does no damage.
Something completely misses you.
You bump into the rock wall.
A magic dart appears from out of thin air!
The magic dart hits you.
You die...

############... #.
#..........#.^. #.
#..........#... # #.
#..........#...
..###.####..............
.....!..................
........................
........r.######..#.#...
...<...@[{# #....##..
.......##.[.# #....###.
....?.. ..### #....# .
......# ### #..P. .
...... .###.. #. ..


You could see a rat.

Vanquished Creatures
  3 leopard geckos (D:1)
  2 bats (D:1)
  2 giant cockroaches (D:1)
  9 goblins (D:1)
  3 hobgoblins (D:1)
  2 jackals (D:1)
  3 frilled lizards
  5 kobolds (D:1)
  4 rats (D:1)
33 creatures vanquished.

Notes
Turn   | Place    | Note
-------+----------+-------------------------------------------
     0 | D:1      | Peloso the Minotaur Fighter began the quest for the Orb.
     0 | D:1      | Reached XP level 1. HP: 19/19 MP: 0/0
    94 | D:1      | Reached XP level 2. HP: 26/27 MP: 1/1
   600 | D:1      | Reached XP level 3. HP: 33/33 MP: 2/2
   973 | D:2      | Noticed Sigmund
   995 | D:2      | Killed from afar by Sigmund

Illustrated notes

Levels and vault maps discovered:
D:1:      minmay_arrival_arboretum_small, layout_basic, serial_curves,
          eino_curves_01, eino_curves_01
D:2:      layout_rooms, grunt_gozag_statues, amethyst_overflow_temple_binary,
          uniq_sigmund, uniq_crazy_yiuf_cottage

Skill      XL: |  1  2 |
---------------+-------+-----
Fighting       | 4 |  4.1
Armour         | 4 |  4.2
Long Blades    | 3 |  3.1
Dodging        | |  0.2
Shields        | |  3.9

Action                   || total
-------------------------++-------
Melee: Long sword        ||    71
       Headbutt          ||    12
  Use: Potion            ||     1
Armor: Scale mail        ||    36
Dodge: Dodged            ||    26
Block: Kite shield       ||    40
       Rpst.: Long sword ||     6
